[Event "ICC tourney 1982 (45 10)"]
[Site "Internet Chess Club"]
[Date "2020.08.29"]
[Round "3"]
[White "handsomematch"]
[Black "GPWKnight"]
[Result "0-1"]
[ICCResult "White resigns"]
[WhiteElo "1210"]
[BlackElo "1598"]
[Opening "French: Fort Knox variation"]
[ECO "C03"]
[NIC "FR.07"]
[Time "16:02:58"]
[TimeControl "2700+10"]

1. e4 e6 2. d4 d5 3. Nd2 dxe4 4. Nxe4 Bd7 5. Nf3 Bc6 6. Bd3 Nd7 7. O-O Ngf6
8. Bg5 Be7 9. Nxf6+ Bxf6 10. Bxf6 Qxf6 11. c3 Bxf3 12. Qxf3 Qxf3 13. gxf3
Nf6 14. Rfe1 O-O-O 15. a4 c5 16. Reb1 cxd4 17. cxd4 Rxd4 18. Rc1+ Kb8 19.
Rc3 Rc8 20. Rb3 Rcd8 21. Ba6 R8d7 22. Bb5 Rc7 23. Ba6 Rd6 24. Bd3 a6 25. Re1
Ka7 26. Re5 Rb6 27. Rxb6 Kxb6 28. a5+ Ka7 29. Kg2 g6 30. Be4 Nd7 31. Rg5 h6
32. Rg3 Rc5 33. Bxg6 fxg6 34. Rxg6 Rg5+ 35. Rxg5 hxg5 36. Kg3 Ne5 37. f4
gxf4+ 38. Kxf4 Nf7 39. h4 b5 40. b4 Kb7 41. h5 Kc7 42. Ke4 Kd6 43. f4 Nh6
44. Kd4 Nf5+ 45. Ke4 Ng3+ 46. Kd4 Nxh5 47. Ke4 Nf6+ 48. Kd4 Nd5 {White
resigns} 0-1

[Event "ICC tourney 1982 (45 10)"]
[Site "Internet Chess Club"]
[Date "2020.08.29"]
[Round "3"]
[White "mancogu"]
[Black "joeandjoe28"]
[Result "1-0"]
[ICCResult "Black checkmated"]
[WhiteElo "1605"]
[BlackElo "1385"]
[Opening "Ruy Lopez: exchange, Gligoric variation"]
[ECO "C69"]
[NIC "RL.08"]
[Time "16:02:57"]
[TimeControl "2700+10"]

1. e4 e5 2. Nf3 Nc6 3. Bb5 a6 4. Bxc6 dxc6 5. O-O f6 6. d3 Bc5 7. Be3 Bxe3
8. fxe3 Bg4 9. Nbd2 Ne7 10. Qe1 Qd7 11. Qg3 O-O-O 12. a4 h5 13. h3 Bxf3 14.
Rxf3 Rdg8 15. b4 h4 16. Qf2 Rf8 17. d4 exd4 18. exd4 f5 19. c4 g5 20. b5 a5
21. d5 Kd8 22. bxc6 bxc6 23. Rb1 cxd5 24. Rb8+ Nc8 25. Rd3 Ke7 26. Rxd5 Qxa4
27. Qc5+ Nd6 28. Qxc7+ Qd7 29. Qxd7+ Kxd7 30. Rxf8 Rxf8 31. c5 fxe4 32.
Rxd6+ Kc7 33. Nxe4 Rf5 34. Ra6 Re5 35. Nd2 Rxc5 36. Nb3 Rc3 37. Nxa5 Ra3 38.
Rc6+ Kd7 39. Rc5 Rg3 40. Rc4 Ke6 41. Rg4 Rxg4 42. hxg4 Ke5 43. Kh2 Kf4 44.
Kh3 Ke4 45. Nc4 Kd4 46. Nd2 Ke3 47. Nf3 Kf4 48. Nd4 Ke4 49. Ne6 Ke5 50. Nxg5
Kf4 51. Kxh4 Ke5 52. g3 Kf6 53. Nf3 Kg6 54. g5 Kh7 55. Kh5 Kg7 56. g6 Kh8
57. Kh6 Kg8 58. g7 Kf7 59. Kh7 Kf6 60. g8=Q Kf5 61. Qd5+ Kf6 62. Qe5+ Kf7
63. Ng5+ Kf8 64. Qg7+ Ke8 65. Ne4 Kd8 66. Nc5 Ke8 67. g4 Kd8 68. Qd7#
{Black checkmated}
1-0

[Event "ICC tourney 1982 (45 10)"]
[Site "Internet Chess Club"]
[Date "2020.08.29"]
[Round "3"]
[White "JavierDix"]
[Black "HeJustin"]
[Result "1-0"]
[ICCResult "Black resigns"]
[WhiteElo "1411"]
[BlackElo "1584"]
[Opening "Queen's bishop game"]
[ECO "D02"]
[NIC "QP.08"]
[Time "16:03:07"]
[TimeControl "2700+10"]

1. d4 d5 2. Nf3 Nf6 3. Bf4 e6 4. e3 Be7 5. Bd3 O-O 6. Ne5 Nbd7 7. Nd2 b6 8.
Nc6 Qe8 9. Bxc7 Bb7 10. Nxe7+ Qxe7 11. Bg3 Rac8 12. Nf3 Qb4+ 13. Nd2 Qxb2
14. O-O e5 15. Rb1 Qxa2 16. dxe5 Ne4 17. Ra1 Qb2 18. Rxa7 Bc6 19. Bxe4 dxe4
20. Nc4 Qc3 21. Nd6 Rcd8 22. Bh4 Rb8 23. Nf5 Nxe5 24. Bg3 Bb5 25. Re1 Rfd8
26. Nd4 Qc5 27. Qa1 Rbc8 28. Nxb5 Qxb5 29. Bxe5 f6 30. Qa2+ Kh8 31. Qf7 Rg8
32. Bxf6 Qg5 33. Bxg5 Rc6 34. Rea1 Rxc2 35. Bf6 {Black resigns} 1-0

[Event "ICC tourney 1982 (45 10)"]
[Site "Internet Chess Club"]
[Date "2020.08.29"]
[Round "3"]
[White "WizardY"]
[Black "Baggs"]
[Result "1-0"]
[ICCResult "Black checkmated"]
[WhiteElo "951"]
[BlackElo "1380"]
[Opening "French: advance, Euwe variation"]
[ECO "C02"]
[NIC "FR.03"]
[Time "16:02:57"]
[TimeControl "2700+10"]

1. e4 e6 2. d4 d5 3. e5 c5 4. c3 Nc6 5. Nf3 Bd7 6. Be2 Nge7 7. Bd3 cxd4 8.
cxd4 Qb6 9. Bc2 Ng6 10. O-O Be7 11. Nc3 O-O 12. a3 f6 13. exf6 Bxf6 14. Na4
Qc7 15. Be3 Nce7 16. Nc5 b6 17. Nxd7 Qxd7 18. Rc1 Rac8 19. Ba4 Rxc1 20. Bxd7
Rxd1 21. Bxe6+ Kh8 22. Rxd1 Rd8 23. Rc1 Rd6 24. Bh3 h6 25. Rc7 Rc6 26. Rxc6
Nxc6 27. Kf1 Na5 28. Nd2 Ne7 29. Ke2 g5 30. g4 Nc4 31. Nxc4 dxc4 32. Kd2 Kg8
33. Kc3 Kf7 34. Kxc4 Ke6 35. Bg2 Nc8 36. Kb5 Nd6+ 37. Ka6 Nc4 38. Kxa7 Nxe3
39. fxe3 Bd8 40. Kb7 Kd6 41. e4 b5 42. Bf1 b4 43. axb4 Be7 44. b5 Bd8 45. b6
Kd7 46. Bb5+ Kd6 47. Ka7 Ke7 48. b7 Bc7 49. b8=Q Bxb8+ 50. Kxb8 Kd6 51. Kc8
Ke6 52. Kd8 Kd6 53. Ke8 Kc7 54. Kf7 Kb6 55. Ba4 Ka5 56. Bd1 Kb4 57. Kg6 Kc4
58. d5 Kd4 59. d6 Kxe4 60. d7 Kf4 61. d8=Q Ke3 62. Kxh6 Kf2 63. Qxg5 Kg2 64.
h4 Kh3 65. b4 Kh2 66. Qe3 Kh1 67. Bf3+ Kh2 68. Qf2+ Kh3 69. Qg2+ Kxh4 70.
Qh2# {Black checkmated} 1-0

[Event "ICC tourney 1982 (45 10)"]
[Site "Internet Chess Club"]
[Date "2020.08.29"]
[Round "3"]
[White "vvguys"]
[Black "stephenwilly"]
[Result "0-1"]
[ICCResult "White resigns"]
[WhiteElo "1569"]
[BlackElo "1163"]
[Opening "QGD: exchange, positional line, 6.Qc2"]
[ECO "D36"]
[NIC "QO.16"]
[Time "16:03:03"]
[TimeControl "2700+10"]

1. d4 e6 2. c4 d5 3. Nc3 Nf6 4. cxd5 exd5 5. Bg5 c6 6. Qc2 Bb4 7. a3 Ba5 8.
b4 Bb6 9. Nf3 Bg4 10. Ne5 Be6 11. e3 Nbd7 12. Be2 h6 13. Bh4 g5 14. Bg3 Bc7
15. Nf3 g4 16. Nd2 h5 17. Bxc7 Qxc7 18. b5 cxb5 19. Bxb5 a6 20. Bd3 Rc8 21.
Rc1 Kd8 22. Nb3 Re8 23. Qb2 Qb8 24. O-O h4 25. f3 gxf3 26. Rxf3 Bg4 27. Rf2
Rxe3 28. Qd2 Re6 29. h3 Bh5 30. Qh6 Ng4 31. Qg5+ f6 32. Qf4 Nxf2 33. Qxb8
Nxh3+ 34. gxh3 Nxb8 35. Bf5 Rb6 36. Bxc8 Rxb3 37. Nxd5 Rg3+ 38. Kh2 Bf3 39.
Nf4 Nd7 40. d5 Ne5 41. Bxb7 Bg2 42. Ne6+ Kd7 43. Nd4 Be4 44. Rg1 Rd3 45.
Rg7+ Kd6 46. Ne2 Nf3+ 47. Kg2 Ng5+ 48. Kf1 Rxh3 49. Bxa6 Rh1+ 50. Ng1 h3 51.
Kf2 h2 52. Ne2 Rf1+ 53. Kxf1 h1=Q+ 54. Kf2 Qf3+ 55. Ke1 Qxa3 {White resigns}
0-1

[Event "ICC tourney 1982 (45 10)"]
[Site "Internet Chess Club"]
[Date "2020.08.29"]
[Round "3"]
[White "shrey16ultimate"]
[Black "TheJaguar2"]
[Result "1-0"]
[ICCResult "Black resigns"]
[WhiteElo "1593"]
[BlackElo "1367"]
[Opening "Queen's pawn: London system"]
[ECO "A45"]
[NIC "QP.07"]
[Time "16:02:52"]
[TimeControl "2700+10"]

1. d4 Nf6 2. Bf4 d6 3. e3 g6 4. Nf3 Bg7 5. h3 O-O 6. c4 Nbd7 7. Nc3 c5 8.
Be2 Qb6 9. Qd2 Nh5 10. Bh2 cxd4 11. exd4 e5 12. Nd5 Qd8 13. g4 Nhf6 14. dxe5
Nxd5 15. Qxd5 Nxe5 16. O-O-O Nxf3 17. Qxf3 Qb6 18. b3 Bd4 19. Rhf1 Be6 20.
Bg3 Rac8 21. Qe4 Bc5 22. Kb1 a5 23. Qc2 Bd4 24. Rfe1 d5 25. Qd3 Bxf2 26.
Bxf2 Qxf2 27. cxd5 Bd7 28. Rf1 Qh4 29. Rc1 Rxc1+ 30. Rxc1 f5 31. Rc7 Bc8 32.
d6 Be6 33. Qe3 Qf6 34. g5 f4 35. Qe4 Bf5 36. gxf6 Bxe4+ 37. Kb2 Bf5 38. Bc4+
Kh8 39. f7 Kg7 40. Re7 Bxh3 41. d7 Bxd7 42. Rxd7 g5 43. Rxb7 g4 44. Rb5 Kg6
45. Re5 g3 46. Re8 Kg7 47. Re4 g2 48. Re1 f3 49. Rg1 Kf6 50. Kc2 Rxf7 51.
Kd2 Rg7 52. Ke3 Rg3 53. Kf2 Rh3 54. Bd5 Rh1 55. Bxf3 Rxg1 56. Kxg1 Ke5 57.
Kxg2 Kd4 58. a4 h6 59. Kg3 Kc3 60. Bd5 Kd4 61. Bc4 Ke5 62. Kh4 Kf6 63. Kh5
Kg7 64. Bd3 {Black resigns} 1-0

[Event "ICC tourney 1982 (45 10)"]
[Site "Internet Chess Club"]
[Date "2020.08.29"]
[Round "3"]
[White "burstninja"]
[Black "BulbasaurMaster"]
[Result "0-1"]
[ICCResult "White checkmated"]
[WhiteElo "1645"]
[BlackElo "1432"]
[Opening "QGD Slav defense"]
[ECO "D10"]
[NIC "SL.01"]
[Time "16:03:01"]
[TimeControl "2700+10"]

1. d4 d5 2. c4 c6 3. Nc3 Nf6 4. e3 e6 5. Bd3 Nbd7 6. Nge2 Bd6 7. O-O O-O 8.
cxd5 exd5 9. f3 Re8 10. e4 Qb6 11. Kh1 dxe4 12. fxe4 Bb8 13. Bc2 c5 14. e5
cxd4 15. exf6 dxc3 16. fxg7 cxb2 17. Qd3 Qg6 18. Qxg6 hxg6 19. Bxb2 Rxe2 20.
Rae1 Rxe1 21. Rxe1 Be5 22. Bxe5 Nxe5 23. Rxe5 Be6 24. Be4 Rd8 25. Kg1 b6 26.
a3 Kxg7 27. Kf2 Kf6 28. Rb5 Rd2+ 29. Ke3 Ra2 30. Rb1 Rxa3+ 31. Kf4 g5#
{White checkmated}
0-1

[Event "ICC tourney 1982 (45 10)"]
[Site "Internet Chess Club"]
[Date "2020.08.29"]
[Round "3"]
[White "tortorchess"]
[Black "TheDude865"]
[Result "1-0"]
[ICCResult "Black resigns"]
[WhiteElo "1472"]
[BlackElo "1214"]
[Opening "Queen's pawn game"]
[ECO "A45"]
[NIC "QP.07"]
[Time "16:02:56"]
[TimeControl "2700+10"]

1. d4 Nf6 2. Nc3 e6 3. Bf4 c5 4. dxc5 Bxc5 5. Nf3 Qb6 6. e3 Qxb2 7. Na4 Qb4+
8. c3 Qa5 9. Bd3 O-O 10. O-O d6 11. Bc2 b5 12. Nxc5 dxc5 13. Qd3 Rd8 14. Qe2
Qxc3 15. Rfc1 Qa5 16. Bg5 Nbd7 17. e4 e5 18. Bxf6 gxf6 19. Nh4 Nf8 20. h3
Ng6 21. Nf5 Ba6 22. Qh5 Qd2 23. h4 Kh8 24. Bb3 c4 25. Rd1 Qb4 26. Bc2 Re8
27. Nd6 Re7 28. Qf5 Kg7 29. h5 Rg8 30. hxg6 fxg6 31. Qg4 Kh8 32. Qh4 Rd7 33.
Qxf6+ Rgg7 34. Nf7+ Rxf7 35. Rd8+ Rf8 36. Rxf8+ Qxf8 37. Qxf8+ Rg8 38. Qf6+
{Black resigns}
1-0

[Event "ICC tourney 1982 (45 10)"]
[Site "Internet Chess Club"]
[Date "2020.08.29"]
[Round "3"]
[White "miyzhang"]
[Black "Ananya22609"]
[Result "0-1"]
[ICCResult "White checkmated"]
[WhiteElo "1252"]
[BlackElo "1628"]
[Opening "French: Tarrasch, open, 4.ed ed"]
[ECO "C08"]
[NIC "FR.21"]
[Time "16:03:06"]
[TimeControl "2700+10"]

1. e4 e6 2. d4 d5 3. Nd2 c5 4. exd5 exd5 5. Ngf3 Nf6 6. c3 Nc6 7. Bb5 Be7 8.
dxc5 Bxc5 9. Nb3 Bb6 10. Ne5 Bd7 11. Nxd7 Qxd7 12. Bg5 Ne4 13. Qe2 O-O 14.
O-O Nxg5 15. Qh5 Ne4 16. Rad1 Nf6 17. Qf3 Rad8 18. c4 Ne5 19. Qxf6 gxf6 20.
Bxd7 Rxd7 21. Rxd5 Rxd5 22. cxd5 Rd8 23. Rd1 Ng4 24. Rd2 Nxf2 25. Kf1 Ne4
26. Rd1 Nc5 27. Nc1 Kf8 28. Ne2 Na6 29. Nf4 Be3 30. Nh5 Rd6 31. Ke2 Bb6 32.
Kf3 Nb4 33. a3 Rxd5 34. Rxd5 Nxd5 35. Ke4 Ne3 36. Nxf6 Kg7 37. Ne8+ Kf8 38.
Nd6 Nxg2 39. Nxb7 Ne3 40. Nd6 Ng4 41. h4 Nf6+ 42. Kf5 Nd7 43. Nc4 Ke7 44.
Ke4 Ke6 45. Kf4 Nf6 46. Kg5 Bc7 47. Na5 Bxa5 48. b4 Bb6 49. a4 Be3#
{White checkmated}
0-1

[Event "ICC tourney 1982 (45 10)"]
[Site "Internet Chess Club"]
[Date "2020.08.29"]
[Round "3"]
[White "stgummadi"]
[Black "msk2018"]
[Result "1-0"]
[ICCResult "Black checkmated"]
[WhiteElo "1427"]
[BlackElo "1511"]
[Opening "Sicilian: Taimanov variation"]
[ECO "B48"]
[NIC "SI.40"]
[Time "16:03:47"]
[TimeControl "2700+10"]

1. e4 c5 2. Nf3 e6 3. d4 cxd4 4. Nxd4 Nc6 5. Nc3 Qc7 6. Be3 a6 7. Qd2 Nf6 8.
f3 Be7 9. O-O-O b5 10. g4 d6 11. h4 Bb7 12. Bh3 O-O-O 13. Nd5 exd5 14. g5+
Nd7 15. exd5 Nxd4 16. Qxd4 Rhg8 17. Qa7 Qb8 18. Rd3 Qxa7 19. Bxa7 Rde8 20.
Bb6 b4 21. Rd4 Bxg5+ 22. f4 Bxf4+ 23. Rxf4 Bc6 24. dxc6 Kb8 25. Bxd7 Re7 26.
c7+ Kb7 27. c8=Q+ Rxc8 28. Bxc8+ Kxc8 29. Rxb4 Rb7 30. Rd1 Kd7 31. Ba5 Rxb4
32. Bxb4 f5 33. Rxd6+ Kc7 34. Rxa6 Kd8 35. Ra7 Kc8 36. Rxg7 f4 37. Bd2 h5
38. Kd1 f3 39. Ke1 f2+ 40. Kxf2 Kb8 41. a4 Ka8 42. a5 Kb8 43. a6 Ka8 44. Be3
Kb8 45. a7+ Ka8 46. Rg8+ Kb7 47. a8=Q+ Kc7 48. Rg6 Kd7 49. Qa7+ Kc8 50. Rg8#
{Black checkmated}
1-0

[Event "ICC tourney 1982 (45 10)"]
[Site "Internet Chess Club"]
[Date "2020.08.29"]
[Round "3"]
[White "WallyCleaver"]
[Black "SunnyCountry"]
[Result "0-1"]
[ICCResult "White resigns"]
[WhiteElo "1548"]
[BlackElo "1327"]
[Opening "Sicilian: Najdorf, Byrne (English) attack"]
[ECO "B90"]
[NIC "SI.14"]
[Time "16:02:53"]
[TimeControl "2700+10"]

1. e4 c5 2. Nf3 d6 3. d4 cxd4 4. Nxd4 Nf6 5. Nc3 a6 6. Be3 e6 7. Be2 Be7 8.
Qd2 b5 9. a3 Bb7 10. f3 Nc6 11. O-O-O Qc7 12. g4 Rc8 13. Kb1 Ne5 14. g5 Nfd7
15. h4 Nc4 16. Bxc4 Qxc4 17. Rhf1 Qc7 18. f4 Nc5 19. f5 e5 20. Nf3 Nxe4 21.
Nxe4 Bxe4 22. Ne1 d5 23. f6 gxf6 24. gxf6 Bd6 25. Nd3 Bxd3 26. cxd3 Rg8 27.
Rc1 Qd7 28. Rxc8+ Qxc8 29. Rc1 Qd7 30. Bg5 Rg6 31. Qe3 d4 32. Qf3 Bc7 33.
Qa8+ Bd8 34. Qxa6 h6 35. Bd2 Rxf6 36. Qa8 Rd6 37. Qe4 Qe6 38. Re1 Rd5 39.
Bxh6 f5 40. Qf4 Kd7 41. Qd2 Bxh4 42. Rg1 Bf6 43. Bg7 e4 44. Qa5 Rc5 45. Rg6
Qc6 46. Rxf6 Rc1+ 47. Ka2 Qd5+ 48. b3 Rc2+ 49. Ka1 Qxb3 50. Qa7+ Rc7 51.
Qxd4+ Kc8 52. Rf8+ Kb7 53. Qb2 Qd1+ 54. Ka2 Rc2 55. Rf7+ Kc8 56. Rf8+ Kd7
57. Rf7+ Ke8 58. Rf8+ Ke7 59. Rxf5 Rxb2+ 60. Bxb2 exd3 61. Re5+ Kd6 62. Rxb5
Qc2 63. Rb6+ Kc7 64. Rh6 d2 {White resigns} 0-1

[Event "ICC tourney 1982 (45 10)"]
[Site "Internet Chess Club"]
[Date "2020.08.29"]
[Round "3"]
[White "chess278"]
[Black "jacobsperber"]
[Result "0-1"]
[ICCResult "White resigns"]
[WhiteElo "1504"]
[BlackElo "827"]
[Opening "Bird's opening"]
[ECO "A03"]
[NIC "VO.07"]
[Time "16:03:02"]
[TimeControl "2700+10"]

1. f4 d5 2. Nf3 Nf6 3. e3 g6 4. Be2 Bg7 5. O-O O-O 6. d4 e6 7. Qd3 b6 8. c3
Bb7 9. Nbd2 Ba6 10. c4 dxc4 11. Nxc4 Qd5 12. Qc2 c5 13. b3 Nc6 14. Bb2 Rfc8
15. Rfd1 Qe4 16. Qxe4 Nxe4 17. Bd3 Nf6 18. dxc5 bxc5 19. Rac1 Nb4 20. Bb1
Nbd5 21. Bxf6 Bxf6 22. Kf2 Nc3 23. Rd6 Bb7 24. Nfe5 Nxb1 25. Rxb1 Rd8 26.
Rbd1 Rxd6 27. Rxd6 Rd8 28. Rd7 Rxd7 29. Nxd7 Be7 30. Nde5 f6 31. Nf3 Kf7 32.
g3 Ke8 33. Nfd2 Kd7 34. Ke2 g5 35. Nf3 g4 36. Nfd2 Bd8 37. Kd3 Kc6 38. Na5+
Bxa5 {White resigns} 0-1

[Event "ICC tourney 1982 (45 10)"]
[Site "Internet Chess Club"]
[Date "2020.08.29"]
[Round "3"]
[White "mmiralaie"]
[Black "QueenHM"]
[Result "1-0"]
[ICCResult "Black checkmated"]
[WhiteElo "1587"]
[BlackElo "1602"]
[Opening "Pirc: classical (two knights) system"]
[ECO "B08"]
[NIC "PU.10"]
[Time "16:02:59"]
[TimeControl "2700+10"]

1. e4 d6 2. d4 Nf6 3. Nc3 g6 4. Nf3 Bg7 5. Bc4 O-O 6. h3 Nxe4 7. Bxf7+ Rxf7
8. Nxe4 d5 9. Nc3 c6 10. Be3 Qd6 11. Qd2 Nd7 12. O-O-O e5 13. Nxe5 Nxe5 14.
dxe5 Bxe5 15. g3 Rf3 16. Qe2 Qf6 17. Kb1 Be6 18. Bf4 Rxf4 19. gxf4 Bxf4 20.
h4 Rf8 21. h5 g5 22. h6 Bf5 23. Rde1 b5 24. Qe7 a5 25. Qxf6 Rxf6 26. Ne2 Bd2
27. Rd1 Bb4 28. Rhg1 Rxh6 29. Rxg5+ Bg6 30. Nf4 Kf7 31. Nxg6 hxg6 32. c3 Be7
33. Rg4 Kf6 34. f3 Kf5 35. a4 b4 36. c4 dxc4 37. Rxc4 c5 38. Rd7 Rh1+ 39.
Ka2 Bf6 40. Rd5+ Ke6 41. Rdxc5 Rh2 42. Rc2 Rxc2 43. Rxc2 Kd5 44. b3 Bc3 45.
Rg2 Kd4 46. Rxg6 Ke3 47. Ra6 Kxf3 48. Rxa5 Ke4 49. Rh5 Be5 50. Kb1 Bd6 51.
Kc2 Kd4 52. a5 Bc5 53. a6 Ba7 54. Rh7 Bb6 55. a7 Bxa7 56. Rxa7 Kc5 57. Kd3
Kb5 58. Rb7+ Kc5 59. Ke4 Kc6 60. Rxb4 Kc5 61. Rd4 Kc6 62. Rd5 Kb6 63. Kd4
Kc6 64. Kc4 Kb6 65. Rc5 Ka6 66. Rb5 Ka7 67. Kc5 Ka6 68. Kc6 Ka7 69. Rb6 Ka8
70. Kc7 Ka7 71. Rh6 Ka8 72. Ra6# {Black checkmated} 1-0

[Event "ICC tourney 1982 (45 10)"]
[Site "Internet Chess Club"]
[Date "2020.08.29"]
[Round "4"]
[White "QueenHM"]
[Black "rcstinson"]
[Result "0-1"]
[ICCResult "White checkmated"]
[WhiteElo "1580"]
[BlackElo "1500"]
[Opening "Pirc defense"]
[ECO "B07"]
[NIC "PU.08"]
[Time "18:32:18"]
[TimeControl "2700+10"]

1. e4 d6 2. d4 Nf6 3. Nc3 Nbd7 4. f4 e5 5. fxe5 dxe5 6. dxe5 Nxe5 7. Qxd8+
Kxd8 8. Bg5 Be7 9. O-O-O+ Bd7 10. Bb5 c6 11. Ba4 Nfg4 12. Bxe7+ Kxe7 13. Nh3
Ne3 14. Rdg1 Nxg2 15. Rxg2 Bxh3 16. Rxg7 Ng6 17. Bb3 Raf8 18. Rg1 Kf6 19.
R7xg6+ hxg6 20. Kd2 Be6 21. Bxe6 Kxe6 22. Rg2 Rh3 23. Ne2 Ke5 24. Ng3 Rfh8
25. Ke3 Rxh2 26. Kf2 Rxg2+ 27. Kxg2 Rd8 28. Kf3 Rd2 29. Ne2 Rxe2 30. Kxe2
Kxe4 31. Kf2 f5 32. Kg3 f4+ 33. Kf2 f3 34. c4 g5 35. b3 Kf4 36. b4 g4 37. a4
g3+ 38. Kf1 Ke3 39. b5 g2+ 40. Kg1 f2+ 41. Kxg2 Ke2 42. bxc6 bxc6 43. a5
f1=Q+ 44. Kh2 Kf3 45. c5 Qg2# {White checkmated} 0-1

[Event "ICC tourney 1982 (45 10)"]
[Site "Internet Chess Club"]
[Date "2020.08.29"]
[Round "4"]
[White "flukutty"]
[Black "VirginiaGuy"]
[Result "1-0"]
[ICCResult "Black resigns"]
[WhiteElo "1339"]
[BlackElo "1457"]
[Opening "Petrov: Cozio (Lasker) attack"]
[ECO "C42"]
[NIC "RG.03"]
[Time "18:32:19"]
[TimeControl "2700+10"]

1. e4 e5 2. Nf3 Nf6 3. Nxe5 d6 4. Nf3 Nxe4 5. Qe2 Qe7 6. d3 Nf6 7. Qxe7+
Bxe7 8. Nc3 d5 9. Ne5 Nbd7 10. d4 a6 11. Bd3 O-O 12. O-O c6 13. Re1 Re8 14.
Re3 Nxe5 15. Rxe5 Ng4 16. Re1 Bd7 17. Bd2 Bd6 18. Na4 Bxh2+ 19. Kh1 Bd6 20.
Nb6 Rxe1+ 21. Rxe1 Be6 22. Nxa8 Nxf2+ 23. Kg1 Ng4 24. Bf5 Bxf5 25. Re8+ Bf8
26. Bb4 {Black resigns} 1-0

[Event "ICC tourney 1982 (45 10)"]
[Site "Internet Chess Club"]
[Date "2020.08.29"]
[Round "4"]
[White "adinanda"]
[Black "patriots12"]
[Result "1-0"]
[ICCResult "Black checkmated"]
[WhiteElo "1363"]
[BlackElo "1476"]
[Opening "Philidor's defense"]
[ECO "C41"]
[NIC "KP.10"]
[Time "18:33:11"]
[TimeControl "2700+10"]

1. e4 e5 2. Nf3 d6 3. Bc4 Nc6 4. Nc3 Bg4 5. d3 Nd4 6. Be3 Nxf3+ 7. gxf3 Bh5
8. Qe2 a6 9. Rg1 Qd7 10. Rg3 Nf6 11. Qf1 g6 12. Bg5 Bg7 13. Nd5 Nxd5 14.
Bxd5 c6 15. Bb3 h6 16. Be3 Rf8 17. Qg2 O-O-O 18. O-O-O f5 19. exf5 Qxf5 20.
Rg1 Bxf3 21. Rxf3 Qxf3 22. Qxg6 Qf6 23. Qxg7 Qxg7 24. Rxg7 d5 25. Bb6 Rd7
26. Rg6 Rh7 27. Re6 Rf5 28. Rd6 Rf8 29. Kd1 h5 30. Ke2 Rd7 31. Rh6 Rdf7 32.
Rxh5 Kd7 33. Rxe5 Re7 34. Rxe7+ Kxe7 35. Bc5+ Kf7 36. Bxf8 Kxf8 37. f4 Kf7
38. Kf3 Kf6 39. Kg4 Kg6 40. h4 b5 41. f5+ Kg7 42. h5 c5 43. Kg5 c4 44. h6+
Kh7 45. f6 cxb3 46. axb3 a5 47. f7 d4 48. f8=Q b4 49. Qg7# {Black
checkmated} 1-0

[Event "ICC tourney 1982 (45 10)"]
[Site "Internet Chess Club"]
[Date "2020.08.29"]
[Round "4"]
[White "Eagle2020"]
[Black "ants97"]
[Result "1-0"]
[ICCResult "Black resigns"]
[WhiteElo "1598"]
[BlackElo "1585"]
[Opening "Sicilian: Alapin's variation (2.c3)"]
[ECO "B22"]
[NIC "SI.47"]
[Time "18:32:16"]
[TimeControl "2700+10"]

1. e4 c5 2. c3 Nf6 3. e5 Nd5 4. d4 cxd4 5. Nf3 d6 6. cxd4 Bg4 7. Bc4 e6 8.
O-O Be7 9. Be3 Nxe3 10. fxe3 dxe5 11. Qa4+ Nc6 12. Nxe5 Bf5 13. Nxf7 Kxf7
14. Rxf5+ {Black resigns} 1-0

[Event "ICC tourney 1982 (45 10)"]
[Site "Internet Chess Club"]
[Date "2020.08.29"]
[Round "4"]
[White "GPWKnight"]
[Black "stephenwilly"]
[Result "0-1"]
[ICCResult "White checkmated"]
[WhiteElo "1536"]
[BlackElo "1157"]
[Opening "French: advance, Paulsen attack"]
[ECO "C02"]
[NIC "FR.03"]
[Time "18:32:41"]
[TimeControl "2700+10"]

1. e4 e6 2. d4 d5 3. e5 c5 4. c3 Nc6 5. Nf3 Nge7 6. Bd3 Ng6 7. g3 cxd4 8.
cxd4 Qb6 9. O-O Bd7 10. Bc2 Be7 11. Nc3 Nb4 12. Bb1 Rc8 13. a3 Nc6 14. Na4
Qa5 15. b4 Qc7 16. Bd3 a6 17. Bd2 h5 18. Bg5 Bxg5 19. Nxg5 Nxd4 20. Bxg6
fxg6 21. Qxd4 Bxa4 22. Nxe6 Qe7 23. Nf4 Qf7 24. e6 Qf6 25. Qxd5 Bc6 26. Qd2
g5 27. Ng2 Qf3 28. Kh1 Qxg2# {White checkmated} 0-1

[Event "ICC tourney 1982 (45 10)"]
[Site "Internet Chess Club"]
[Date "2020.08.29"]
[Round "4"]
[White "ivangoponenko"]
[Black "HeJustin"]
[Result "1-0"]
[ICCResult "Black resigns"]
[WhiteElo "1460"]
[BlackElo "1583"]
[Opening "Ruy Lopez: closed (10...c5)"]
[ECO "C96"]
[NIC "RL.23"]
[Time "18:32:21"]
[TimeControl "2700+10"]

1. e4 e5 2. Nf3 Nc6 3. Bc4 Be7 4. O-O Nf6 5. Re1 d6 6. h3 O-O 7. c3 Na5 8.
Bb5 a6 9. Ba4 b5 10. Bc2 c5 11. d3 Nc6 12. Nbd2 h6 13. Nf1 Be6 14. Ng3 Re8
15. d4 cxd4 16. cxd4 exd4 17. Nxd4 Nxd4 18. Qxd4 Rc8 19. Bb3 Bxb3 20. axb3
d5 21. exd5 Qxd5 22. Qxd5 Nxd5 23. Rxa6 Bc5 24. Bd2 Rxe1+ 25. Bxe1 Re8 26.
Bd2 Re2 27. Nxe2 f5 28. Rc6 Be7 29. Nf4 Nf6 30. Rb6 Ne4 31. Be1 Bd6 32. Nd5
Bc5 33. Rxb5 Bd4 34. Nc3 Nc5 35. Ne2 Ne6 36. Nxd4 Nxd4 37. Rb8+ Kh7 38. Bc3
Ne2+ 39. Kh2 Nf4 40. Rb7 Ne6 41. Re7 Nf4 42. Rxg7+ Kh8 43. Rg4+ Kh7 44. Rxf4
{Black resigns}
1-0

[Event "ICC tourney 1982 (45 10)"]
[Site "Internet Chess Club"]
[Date "2020.08.29"]
[Round "4"]
[White "wulovechess"]
[Black "UltimateDL"]
[Result "1-0"]
[ICCResult "Black resigns"]
[WhiteElo "1070"]
[BlackElo "1301"]
[Opening "Sicilian: accelerated fianchetto, modern variation with Bc4"]
[ECO "B35"]
[NIC "SI.33"]
[Time "18:32:31"]
[TimeControl "2700+10"]

1. e4 c5 2. Nf3 Nc6 3. d4 cxd4 4. Nxd4 g6 5. Nc3 Bg7 6. Be3 Nf6 7. Bc4 Qa5
8. O-O O-O 9. Nb3 Qe5 10. f4 Qc7 11. e5 Ne8 12. Nd5 Qb8 13. Bc5 d6 14. exd6
Nxd6 15. Nxe7+ Nxe7 16. Bxd6 Rd8 17. Bxb8 Rxd1 18. Rfxd1 Rxb8 19. Rd8+ Bf8
20. Re1 Nc6 21. Rd5 Be6 22. Rxe6 fxe6 23. Rd7 b6 24. Bxe6+ Kh8 25. Rc7 Nb4
26. c3 Nxa2 27. Rxa7 Re8 28. Rxa2 Rxe6 29. Ra6 Kg7 30. Nd4 Bc5 31. Kf1 Bxd4
32. cxd4 Re4 33. Rxb6 Rxf4+ 34. Ke2 Rxd4 35. Ke3 Rd7 36. b4 Kf7 37. b5 Ke7
38. Ke4 Rd2 39. Ke5 Re2+ 40. Kd5 Rxg2 41. Rb7+ Kd8 42. Rxh7 Rc2 43. b6 Kc8
44. b7+ Kb8 45. Kd6 Rd2+ 46. Kc6 Rc2+ 47. Kd5 Rc7 48. Rxc7 Kxc7 49. Ke6 Kxb7
50. Kf6 Kc7 51. Kxg6 Kd8 52. h4 Ke8 53. Kg7 Ke7 54. h5 Ke6 55. h6 Kf5 56. h7
{Black resigns}
1-0

[Event "ICC tourney 1982 (45 10)"]
[Site "Internet Chess Club"]
[Date "2020.08.29"]
[Round "4"]
[White "miyzhang"]
[Black "stgummadi"]
[Result "1-0"]
[ICCResult "Black resigns"]
[WhiteElo "1290"]
[BlackElo "1394"]
[Opening "Sicilian: Sozin, Leonhardt variation"]
[ECO "B88"]
[NIC "SI.26"]
[Time "18:32:39"]
[TimeControl "2700+10"]

1. e4 c5 2. Nf3 d6 3. d4 cxd4 4. Nxd4 Nf6 5. Nc3 Nc6 6. Bc4 e6 7. O-O Be7 8.
Kh1 O-O 9. f4 e5 10. Nf5 Bxf5 11. exf5 Nd4 12. fxe5 dxe5 13. Bd3 Bb4 14. Bd2
Qd7 15. Bg5 Qe7 16. Nd5 Qd6 17. Nxf6+ gxf6 18. Bh6 {Black resigns} 1-0